 Dungeon Crawl Stone Soup version 0.23.2 (webtiles) character file.

Game seed: 5641675053481513554

8030 PikkenKukken the Grappler (level 11, -4/111 HPs)
             Began as a Troll Earth Elementalist on Apr 6, 2019.
             Was a Priest of Okawaru.
             Slain by an unseen horror (10 damage)
             ... on level 9 of the Dungeon.
             The game lasted 00:17:37 (7696 turns).

PikkenKukken the Grappler (TrEE)                    Turns: 7696, Time: 00:17:38

Health: -4/111     AC:  8    Str: 18    XL:     11   Next: 4%
Magic:  11/11      EV: 13    Int: 14    God:    Okawaru [***...]
Gold:   630        SH:  0    Dex: 10    Spells: 11/12 levels left

rFire    + . .     SeeInvis .     - Unarmed
rCold    + . .     Gourm    +   (no shield)
rNeg     . . .     Faith    .   c - +1 robe
rPois    .         Spirit   .   A - +1 hat
rElec    .         Reflect  .   h - scarf {rC+ rF+}
rCorr    .         Harm     .   (gloves unavailable)
MR       .....     Rnd*Tele +   (boots unavailable)
Stlth    +.........             w - amulet of magic regeneration
HPRegen  0.68/turn              B - ring of teleportation (curse)
MPRegen  0.37/turn              u - ring of wizardry

@: no status effects
A: large, unfitting armour, claws 3, fast metabolism 3, gourmand, regeneration
1, shaggy fur 1, tough skin 3
a: Heroism, Renounce Religion


You were on level 9 of the Dungeon.
You worshipped Okawaru.
Okawaru was most pleased with you.
You were very full.

You visited 2 branches of the dungeon, and saw 10 of its levels.
You also visited: Sewer.

You collected 630 gold pieces.

Inventory:

Hand Weapons
 n - a +0 giant club
Missiles
 b - 403 stones
 j - a throwing net
 D - 3 large rocks (quivered)
Armour
 c - a +1 robe (worn)
 h - a scarf of resistance (worn)
 y - a +2 large shield of protection
 A - a +1 hat (worn)
Jewellery
 l - a +1 ring of slaying
 m - an uncursed ring of resist corrosion
 u - a ring of wizardry (right claw)
 w - an amulet of magic regeneration (around neck)
 B - a cursed ring of teleportation (left claw)
 C - a cursed -3 ring of dexterity
 F - a cursed +4 ring of protection {unknown}
Wands
 i - a wand of digging (5)
 s - a wand of random effects (14)
Scrolls
 a - 3 scrolls of identify
 e - 4 scrolls of amnesia
 p - a scroll of teleportation
 t - a scroll of torment {unknown}
 x - 2 scrolls of magic mapping
Potions
 f - 2 potions of haste
 g - a potion of mutation
 k - 2 potions of magic
 o - 2 potions of heal wounds
 q - 3 potions of curing
 r - 2 potions of agility
 v - a potion of cancellation
 z - a potion of flight
 E - a potion of might
Comestibles
 d - 20 rations


   Skills:
 + Level 7.8 Fighting
 - Level 5.0 Throwing
 - Level 8.0 Dodging
 - Level 1.0 Stealth
 + Level 9.3 Unarmed Combat
 - Level 1.2 Spellcasting
   Level 0.6 Transmutations
 - Level 2.6 Earth Magic


You had 11 spell levels left.
You knew the following spells:

 Your Spells              Type           Power        Failure   Level  Hunger
a - Sandblast             Erth           #.....       3%          1    ##.....

Your spell library contained the following spells:

 Spells                   Type           Power        Failure   Level  Hunger
 Passwall                 Tmut/Erth      #.......     9%          2    ###....
 Infusion                 Chrm           #...         11%         1    ##.....
 Magic Dart               Conj           #...         11%         1    ##.....
 Blink                    Tloc           N/A          16%         2    ###....
 Call Imp                 Summ           #.......     16%         2    ###....
 Shroud of Golubria       Chrm/Tloc      #.........   16%         2    ###....
 Slow                     Hex            #.......     16%         2    ###....
 Song of Slaying          Chrm           #.......     16%         2    ###....
 Stone Arrow              Conj/Erth      #.....       17%         3    ####...
 Conjure Flame            Conj/Fire      #.......     30%         3    ####...
 Mephitic Cloud           Conj/Pois/Air  #.......     30%         3    ####...
 Regeneration             Chrm/Necr      #.........   30%         3    ####...
 Spectral Weapon          Hex/Chrm       #.......     30%         3    ####...
 Petrify                  Tmut/Erth      #.......     45%         4    #####..
 Lee's Rapid Deconstruct  Erth           #.........   65%         5    ######.


Dungeon Overview and Level Annotations

Branches:
Dungeon (9/15)             Temple (1/1) D:5             Orc (0/2) D:9
   Lair: D:8-11

Altars:
Ashenzari
Cheibriados
Dithmenos
Elyvilon
Fedhas
Gozag
Hepliaklqana
Kikubaaqudgha
Makhleb
Nemelex Xobeh
Okawaru
Qazlal
Ru
Sif Muna
Trog
Uskayaw
Vehumet
Wu Jian
Xom
Yredelemnul
Zin
The Shining One

Shops:
D:5 %   D:7 [

Annotations:
D:9 exclusion: statue


Innate Abilities, Weirdness & Mutations

You are too large for most types of armour.
You have claws for hands.
Your metabolism is lightning-fast.
You like to eat raw meat.
Your natural rate of healing is unusually fast.
You are covered in fur. (AC +1)
You have extremely tough skin. (AC +3)


Message History

Something hits you.
* * * LOW HITPOINT WARNING * * *
Something hits you.
* * * LOW HITPOINT WARNING * * *
Something hits you.
* * * LOW HITPOINT WARNING * * *
Something completely misses you. Something hits you.
* * * LOW HITPOINT WARNING * * *
Something hits you but does no damage. Something hits you but does no damage.
Something hits you!
* * * LOW HITPOINT WARNING * * *
Something hits you.
* * * LOW HITPOINT WARNING * * *
There is a stone staircase leading down here.
Something hits you.
* * * LOW HITPOINT WARNING * * *
Something hits you!
You die...

.....#..#######..
.....##..#.#.#..#
#####...)##.......##
#.........##.....###
#..........###.####.
#........#.#.....#.#
##'#######.#...#.#.#
#..).....#.........#
#..@.>{....#.#...#.#
#..........#.....#.#
#.))#####..###.####.
#.).#.....##.....###
#...#....##[......##
#...+...#####......#
#...#...#.._####....
#####...#...#..###..
###(..#....[....


There were no monsters in sight!

Vanquished Creatures
  A hydra (D:8)
  A two-headed ogre (D:9)
  Pikel (D:7)
  A slime creature (D:9)
  2 dream sheep (D:8)
  2 hippogriffs
  A wyvern (D:9)
  2 yaks (D:8)
  Menkaure (D:4)
  Edmund (D:5)
  Duvessa (D:5)
  3 orc warriors (D:7)
  Purgy (Sewer)
  3 ice beasts
  4 sky beasts
  A slave (D:7)
  A phantom (D:4)
  3 ogres
  5 centaurs
  4 big kobolds
  2 elf zombies (D:5)
  3 bullfrogs
  4 elf skeletons (D:5)
  Dowan (D:5)
  A gnoll sergeant (D:4)
  4 scorpions
  3 howler monkeys
  4 wights (D:6)
  2 crimson imps
  2 centaur zombies
  3 bullfrog zombies
  3 jellies
  6 orc priests
  3 hounds
  2 gnoll shamans
  An iguana (D:9)
  6 orc wizards
  A human skeleton (D:5)
  8 worker ants
  A hound zombie (D:7)
  2 worker ant zombies (D:6)
  9 gnolls
  16 adders
  A shadow imp (D:5)
  An ooze (D:2)
  2 adder zombies (D:8)
  An adder skeleton (D:9)
  5 worms
  4 dart slugs
  2 leopard geckos
  31 orcs
  2 ball pythons (D:4)
  A bat (Sewer)
  8 giant cockroaches
  7 goblins
  5 hobgoblins
  5 jackals
  12 kobolds
  4 quokkas
  A ball python skeleton (D:4)
  3 frilled lizards
  A leopard gecko skeleton (D:4)
  2 orc skeletons (D:5)
  2 orc zombies (D:5)
  A quokka skeleton (D:4)
  5 rats
232 creatures vanquished.

Vanquished Creatures (others)
  2 slaves (D:7)
2 creatures vanquished.

Grand Total: 234 creatures vanquished

Notes
Turn   | Place    | Note
-------+----------+-------------------------------------------
     0 | D:1      | PikkenKukken the Troll Earth Elementalist began the quest
                  | for the Orb.
     0 | D:1      | Reached XP level 1. HP: 16/16 MP: 1/1
   229 | D:1      | Reached XP level 2. HP: 24/26 MP: 2/2
   468 | D:2      | Reached skill level 1 in Unarmed Combat
   527 | D:2      | Found an ornate altar of the Wu Jian Council.
   529 | D:2      | Found a deep blue altar of Sif Muna.
   545 | D:2      | Reached skill level 1 in Throwing
   552 | D:2      | Reached skill level 1 in Fighting
   621 | D:2      | Reached XP level 3. HP: 33/33 MP: 1/3
   850 | D:2      | Reached XP level 4. HP: 41/41 MP: 0/4
  1043 | D:2      | Found a sacrificial altar of Ru.
  1519 | D:3      | Found a shadowy altar of Dithmenos.
  1714 | D:3      | Found a shimmering altar of Xom.
  1810 | D:4      | Reached skill level 2 in Unarmed Combat
  1810 | D:4      | Reached XP level 5. HP: 34/49 MP: 5/5
  1885 | D:4      | Noticed a centaur
  1907 | D:4      | Killed a centaur
  2030 | D:4      | Found a glowing drain.
  2038 | Sewer    | Entered a sewer
  2199 | Sewer    | Noticed Purgy
  2212 | Sewer    | Killed Purgy
  2212 | Sewer    | Reached skill level 3 in Unarmed Combat
  2212 | Sewer    | Reached XP level 6. HP: 35/59 MP: 6/6
  2583 | D:4      | Found a shattered altar of Ashenzari.
  2684 | D:4      | Noticed Menkaure
  2716 | D:4      | Killed Menkaure
  2716 | D:4      | Reached XP level 7. HP: 6/66 MP: 7/7
  3120 | D:4      | Reached skill level 4 in Unarmed Combat
  3140 | D:5      | Entered Level 5 of the Dungeon
  3169 | D:5      | Found Ankeereq's Food Shop.
  3315 | D:5      | Reached XP level 8. HP: 76/76 MP: 8/8
  3612 | D:5      | Found a white marble altar of Elyvilon.
  3811 | D:5      | Noticed Duvessa
  3811 | D:5      | Noticed Dowan
  3814 | D:5      | Noticed Edmund
  3825 | D:5      | Killed Duvessa
  3825 | D:5      | Reached skill level 5 in Unarmed Combat
  3832 | D:5      | Killed Edmund
  3834 | D:5      | Killed Dowan
  3894 | D:5      | Reached skill level 5 in Throwing
  3894 | D:5      | Reached skill level 5 in Dodging
  4012 | D:5      | Found a blossoming altar of Fedhas.
  4027 | D:5      | Found a staircase to the Ecumenical Temple.
  4033 | Temple   | Entered the Ecumenical Temple
  4478 | D:5      | Reached XP level 9. HP: 82/85 MP: 9/9
  4673 | D:6      | Reached skill level 6 in Unarmed Combat
  4704 | D:6      | Reached skill level 5 in Fighting
  5137 | D:6      | Found an iron altar of Okawaru.
  5140 | D:6      | Became a worshipper of Warmaster Okawaru
  5180 | D:7      | Noticed Pikel
  5192 | D:7      | Killed Pikel
  5240 | D:7      | Reached * piety under Okawaru
  5240 | D:7      | Reached skill level 7 in Unarmed Combat
  5582 | D:7      | Found Paladd's Armour Boutique.
  5871 | D:7      | Reached XP level 10. HP: 43/100 MP: 10/10
  6408 | D:8      | Reached ** piety under Okawaru
  6417 | D:8      | Identified a scroll of acquirement
  6578 | D:8      | Reached skill level 8 in Unarmed Combat
  6637 | D:8      | Noticed a three-headed hydra
  6646 | D:8      | Killed a three-headed hydra
  6792 | D:8      | Found an ancient bone altar of Kikubaaqudgha.
  6871 | D:8      | Found a sparkling altar of Nemelex Xobeh.
  7009 | D:9      | Reached *** piety under Okawaru
  7107 | D:9      | Found a sparkling altar of Nemelex Xobeh.
  7177 | D:9      | Noticed a two-headed ogre
  7185 | D:9      | Killed a two-headed ogre
  7185 | D:9      | Reached skill level 9 in Unarmed Combat
  7210 | D:9      | Received a gift from Okawaru
  7295 | D:9      | Found a hazy altar of Hepliaklqana.
  7404 | D:9      | Reached XP level 11. HP: 109/110 MP: 11/11
  7482 | D:9      | Found a blossoming altar of Fedhas.
  7589 | D:9      | Found a staircase to the Orcish Mines.
  7600 | D:9      | Found a radiant altar of Vehumet.
  7678 | D:9      | Identified the +9 lajatang "Icyuten" {protect, +Fly rC+
                  | rN++}
  7695 | D:9      | HP: 5/111 [something (2)]
  7696 | D:9      | Slain by an unseen horror

Skill      XL: |  1  2  3  4  5  6  7  8  9 10 |
---------------+-------------------------------+-----
Unarmed Combat | 1 2 3 4 5 7 9 |  9.3
Throwing       | 1 2 3 5 |  5.0
Fighting       | 1 2 3 4 6 7 |  7.8
Dodging        | 2 3 4 5 6 8 |  8.0
Stealth        | |  1.0
Spellcasting   | |  1.2
Transmutations | |  0.6
Earth Magic    | |  2.6

Action                   |  1- 3 |  4- 6 |  7- 9 | 10-12 || total
-------------------------+-------+-------+-------+-------++-------
Melee: Unarmed           |   141 |   153 |   406 |   207 ||   907
       Punch             |     1 |     2 |     9 |     8 ||    20
       Giant club        |       |       |       |    14 ||    14
 Cast: Sandblast         |     4 |     3 |       |     2 ||     9
Invok: Heroism           |       |       |       |     3 ||     3
  Use: Scroll            |     3 |     8 |     8 |     4 ||    23
       Potion            |       |       |     2 |       ||     2
 Stab: Sleeping          |       |     1 |     1 |       ||     2
  Eat: Chunk             |    14 |    17 |    30 |    15 ||    76
Armor: Robe              |    65 |    78 |   107 |    58 ||   308
Dodge: Dodged            |    73 |    96 |   169 |   133 ||   471
